 Dungeon Sprint DCSS version 0.23-a0-890-gc183402 (webtiles) character file.

Game seed: 7474115884090606153

119000000 galech the Axe Maniac (level 27, 249/249 HPs)
             Began as a Demonspawn Gladiator on Jan 28, 2019.
             Was the Champion of Makhleb.
             Escaped with the Orb!
             The game lasted 00:06:29 (595 turns).

galech the Axe Maniac (Demonspawn Gladiator)         Turns: 595, Time: 00:06:29

Health: 249/249    AC: 12    Str: 17    XL:     27
Magic:  54/54      EV: 37    Int:  9    God:    Makhleb [******]
Gold:   0          SH:  0    Dex: 26    Spells: 80/80 levels left

rFire    . . .     SeeInvis .   l - +∞ Axe of Woe
rCold    + . .     Gourm    .   (shield currently unavailable)
rNeg     + . .     Faith    .   b - +0 leather armour
rPois    .         Spirit   +   c - +0 helmet
rElec    .         Reflect  .   (no cloak)
rCorr    .         Harm     .   (gloves unavailable)
MR       ++...     NoTele   +   (no boots)
Stlth    +++++.....             (no amulet)
HPRegen  0.51/turn              u - +200 ring of slaying
MPRegen  0.68/turn              D - +27000 ring of slaying

@: no status effects
A: claws 3, icy blue scales 3, negative energy resistance 1, nightstalker 3, 50%
torment resistance, magic shield, magic regeneration, magic link, black mark
0: Orb of Zot
a: Minor Destruction, Lesser Servant of Makhleb, Major Destruction, Greater
Servant of Makhleb, Renounce Religion


You escaped.
You worshipped Makhleb.
Makhleb was exalted by your worship.
You were not hungry.

You visited 1 branch

Inventory:

Hand Weapons
 a - a +0 war axe
 l - the +∞ Axe of Woe (weapon)
   (You found it in the Dungeon)
Missiles
 d - 3 throwing nets (quivered)
Armour
 b - a +0 leather armour (worn)
 c - a +0 helmet (worn)
Jewellery
 m - a +30 ring of slaying
 n - a +30 ring of slaying
 o - a +30 ring of slaying
 p - a +30 ring of slaying
 q - a +30 ring of slaying
 r - a +30 ring of slaying
 t - a +200 ring of slaying
 u - a +200 ring of slaying (left claw)
 v - an uncursed ring of see invisible
 w - a +30 ring of slaying
 x - a +30 ring of slaying
 y - a +30 ring of slaying
 z - a +30 ring of slaying
 A - a +30 ring of slaying
 B - a +30 ring of slaying
 C - a +30 ring of slaying
 D - a +27000 ring of slaying (right claw)
 E - a +30 ring of slaying
 F - a +30 ring of slaying
 G - a +30 ring of slaying
 H - a +30 ring of slaying
 I - a +30 ring of slaying
 J - a +30 ring of slaying
 K - a +30 ring of slaying
 L - a +30 ring of slaying
 M - a +30 ring of slaying
 N - a +30 ring of slaying
 O - a +30 ring of slaying
 P - a +30 ring of slaying
 Q - a +30 ring of slaying
 R - a +30 ring of slaying
 S - a +30 ring of slaying
 T - a +30 ring of slaying
 U - a +30 ring of slaying
 V - a +30 ring of slaying
 W - a +30 ring of slaying
 X - a +30 ring of slaying
 Y - a +30 ring of slaying
 Z - a +30 ring of slaying
Scrolls
 k - a scroll of blinking
Potions
 e - a potion of curing
 g - a potion of heal wounds
 h - a potion of haste
 i - 2 potions of magic
 j - a potion of berserk rage
Comestibles
 f - a ration


   Skills:
 O Level 27 Fighting
 O Level 27 Axes
 O Level 27 Throwing
 O Level 27 Armour
 O Level 27 Dodging
 O Level 27 Stealth
 O Level 27 Unarmed Combat
 O Level 27 Spellcasting
 O Level 27 Invocations


You had 80 spell levels left.
You didn't know any spells.
Your spell library was empty.

Dungeon Overview and Level Annotations

Branches:
Dungeon (1/1)

Altars:
Makhleb


Innate Abilities, Weirdness & Mutations

You have claws for hands.
You are completely covered in icy blue scales. (AC +4, rC+)
You resist negative energy. (rN+)
You are completely attuned to the shadows.
You are somewhat able to resist unholy torments (1 in 2 success).
When hurt, damage is shared between your health and your magic reserves.
You regenerate magic rapidly.
When low on magic, you restore magic in place of health.
Your melee attacks may debilitate your foes.


Message History

You hear a shout! x3
Things that are here:
a +9 war axe; a +30 ring of slaying; a bag of meat skeleton You hear a shout!
You hear a shout! x6
You hear a shout!
You hear a shout! x6
You hear a shout!
You hear a shout! x5
Things that are here:
a +9 war axe; a +30 ring of slaying You hear a shout! x2
Things that are here:
a +9 war axe x2
You hear a shout!
You hear a shout! x3
You hear a shout! x4
There is a staircase leading out of the dungeon here.
You hear a shout! x3
You have escaped!

....)....)))..)..........).).....
..#......)....))...........)).).#
...#....)...#.......#......))))..
......#.)...#.......#........)..#
...#.....)###)).....###......)...
........)))).))###.....%%.%....##
.......#)))).).._................
.....#..)....#.....#.......#.#...
###..........#_.@._#........)....
#....#...)...#.....#......#.#.#..
.......#........_............)...
......)))).....###......).)#.#.#.
.....)))))###.......###.)........
.....)).))).#.......#......).....
.....))....)#.......#............
...#.......)))...................
..#.#.#.................#...#....


There were no monsters in sight!

Vanquished Creatures
  Dispater (D)
  4 vampire knights (D)
  24 ogres (D)
  6 two-headed ogres (D)
  134 orcs (D)
  2 pandemonium lords (D)
  A Tzitzimitl (D)
  2 Orb Guardians (D)
  An Ice Fiend (D)
  A Hell Sentinel (D)
  An angel (D)
  A reaper (D)
  A hell beast (D)
  A soul eater (D)
  A smoke demon (D)
  A large abomination (D)
182 creatures vanquished.

Notes
Turn   | Place    | Note
-------+----------+-------------------------------------------
     0 | D        | Found the +∞ Axe of Woe
     0 | D        | galech the Demonspawn Gladiator began the quest for the
                  | Orb.
     0 | D        | Reached XP level 1. HP: 16/16 MP: 1/1
     3 | D        | Became a worshipper of Makhleb the Destroyer
     6 | D        | Noticed a bag of meat
     6 | D        | Noticed a bag of meat
     6 | D        | Noticed a bag of meat
     6 | D        | Noticed a bag of meat
     6 | D        | Noticed a bag of meat
     8 | D        | Noticed a bag of meat
     9 | D        | Killed a bag of meat
     9 | D        | Gained mutation: You have sharp fingernails. [demonic
                  | ancestry]
     9 | D        | Reached XP level 2. HP: 34/34 MP: 2/2
     9 | D        | Gained mutation: You are slightly more attuned to the
                  | shadows. [demonic ancestry]
     9 | D        | Reached XP level 3. HP: 40/40 MP: 3/3
     9 | D        | Gained mutation: You are partially covered in icy blue
                  | scales. (AC +2) [demonic ancestry]
     9 | D        | Reached XP level 4. HP: 46/46 MP: 4/4
     9 | D        | Reached XP level 5. HP: 52/52 MP: 5/5
     9 | D        | Reached XP level 6. HP: 59/59 MP: 6/6
     9 | D        | Reached XP level 7. HP: 64/64 MP: 7/7
     9 | D        | Gained mutation: You are mostly covered in icy blue scales.
                  | (AC +3) [demonic ancestry]
     9 | D        | Reached XP level 8. HP: 71/71 MP: 8/8
     9 | D        | Gained mutation: You have very sharp fingernails. [demonic
                  | ancestry]
     9 | D        | Reached XP level 9. HP: 77/77 MP: 9/9
     9 | D        | Reached XP level 10. HP: 83/83 MP: 10/10
     9 | D        | Reached XP level 11. HP: 89/89 MP: 11/11
    10 | D        | Killed a bag of meat
    10 | D        | Reached * piety under Makhleb
    10 | D        | Reached skill level 10 in Throwing
    10 | D        | Reached XP level 12. HP: 100/100 MP: 12/12
    11 | D        | Noticed a bag of meat
    11 | D        | Noticed a bag of meat
    12 | D        | Noticed a bag of meat
    12 | D        | Noticed a bag of meat
    13 | D        | Killed a bag of meat
    13 | D        | Gained mutation: You are significantly more attuned to the
                  | shadows. [demonic ancestry]
    13 | D        | Reached XP level 13. HP: 108/108 MP: 13/13
    13 | D        | Killed a bag of meat
    13 | D        | Gained mutation: You are completely covered in icy blue
                  | scales. (AC +4, rC+) [demonic ancestry]
    13 | D        | Reached XP level 14. HP: 118/118 MP: 14/14
    14 | D        | Killed a bag of meat
    14 | D        | Reached ** piety under Makhleb
    14 | D        | Killed a bag of meat
    14 | D        | Gained mutation: You resist negative energy. (rN+) [demonic
                  | ancestry]
    14 | D        | Reached XP level 15. HP: 127/127 MP: 15/15
    17 | D        | Reached skill level 15 in Fighting
    19 | D        | Reached *** piety under Makhleb
    20 | D        | Reached skill level 27 in Axes
    20 | D        | Reached XP level 16. HP: 141/141 MP: 16/16
    21 | D        | Reached skill level 15 in Throwing
    27 | D        | Reached **** piety under Makhleb
    27 | D        | Reached skill level 27 in Dodging
    30 | D        | Gained mutation: When hurt, damage is shared between your
                  | health and your magic reserves. [demonic ancestry]
    30 | D        | Reached XP level 17. HP: 141/160 MP: 17/17
    33 | D        | Noticed a meat berserker
    36 | D        | Killed a meat berserker
    36 | D        | Reached skill level 27 in Fighting
    36 | D        | Gained mutation: You regenerate magic rapidly. [demonic
                  | ancestry]
    36 | D        | Reached XP level 18. HP: 182/182 MP: 18/18
    37 | D        | Reached ***** piety under Makhleb
    38 | D        | Reached skill level 27 in Throwing
    44 | D        | Noticed a meat berserker
    46 | D        | Noticed a meat berserker
    47 | D        | Killed a meat berserker
    47 | D        | Reached skill level 10 in Armour
    47 | D        | Reached skill level 10 in Unarmed Combat
    47 | D        | Reached skill level 10 in Spellcasting
    47 | D        | Reached XP level 19. HP: 189/189 MP: 14/33
    48 | D        | Noticed a destroyer
    49 | D        | Noticed a meat berserker
    50 | D        | Noticed a meat berserker
    51 | D        | Killed a meat berserker
    52 | D        | Killed a destroyer
    52 | D        | Reached skill level 27 in Armour
    52 | D        | Gained mutation: When low on magic, you restore magic in
                  | place of health. [demonic ancestry]
    52 | D        | Reached XP level 20. HP: 197/197 MP: 9/35
    54 | D        | Killed a meat berserker
    55 | D        | Killed a meat berserker
    55 | D        | Reached ****** piety under Makhleb
    57 | D        | Gained mutation: You are completely attuned to the shadows.
                  | [demonic ancestry]
    57 | D        | Reached XP level 21. HP: 204/204 MP: 10/44
    59 | D        | Reached skill level 27 in Invocations
    60 | D        | Noticed a destroyer
    71 | D        | Noticed a destroyer
    72 | D        | Killed a destroyer
    72 | D        | Reached XP level 22. HP: 163/212 MP: 9/50
    74 | D        | Killed a destroyer
    74 | D        | Reached skill level 27 in Stealth
    74 | D        | Reached skill level 27 in Unarmed Combat
    74 | D        | Reached skill level 27 in Spellcasting
   110 | D        | Gained mutation: You are somewhat able to resist unholy
                  | torments (1 in 2 success). [demonic ancestry]
   110 | D        | Reached XP level 23. HP: 219/219 MP: 36/54
   110 | D        | Noticed a large bag of meat
   113 | D        | Gained mutation: You have claws for hands. [demonic
                  | ancestry]
   113 | D        | Reached XP level 24. HP: 227/227 MP: 39/54
   115 | D        | Killed a large bag of meat
   118 | D        | Reached XP level 25. HP: 234/234 MP: 35/54
   142 | D        | Gained mutation: Your melee attacks may debilitate your
                  | foes. [demonic ancestry]
   142 | D        | Reached XP level 26. HP: 242/242 MP: 38/54
   161 | D        | Noticed The Meatlord
   164 | D        | Killed The Meatlord
   170 | D        | Got the Orb of Zot
   174 | D        | Reached XP level 27. HP: 249/249 MP: 52/54
   204 | D        | Noticed a large bag of meat
   207 | D        | Noticed a large bag of meat
   208 | D        | Killed a large bag of meat
   215 | D        | Killed a large bag of meat
   254 | D        | Noticed a destroyer
   258 | D        | Killed a destroyer
   344 | D        | Noticed a large bag of meat
   348 | D        | Killed a large bag of meat
   394 | D        | Noticed a large bag of meat
   397 | D        | Killed a large bag of meat
   402 | D        | Noticed a large bag of meat
   406 | D        | Killed a large bag of meat
   459 | D        | Noticed Jittoz the pandemonium lord
   461 | D        | Killed Jittoz the pandemonium lord
   463 | D        | Noticed Ypakhuann the pandemonium lord
   466 | D        | Killed Ypakhuann the pandemonium lord
   595 | D        | Escaped with the Orb!

Vault maps used:
D:        meatsprint

Skill      XL: |  1  2  3  4  5  6  7  8  9 10 11 12 13 14 15 16 17 18 19 20 21 22 |
---------------+-------------------------------------------------------------------+-----
Fighting       | 9 11 12 13 14 17 22 27 | 27.0
Axes           | 16 19 20 22 24 27 | 27.0
Throwing       | 9 10 11 12 13 14 18 24 27 | 27.0
Dodging        | 16 18 20 21 23 25 27 | 27.0
Armour         | 10 27 | 27.0
Stealth        | 11 12 20 26 27 | 27.0
Unarmed Combat | 10 11 19 24 27 | 27.0
Spellcasting   | 10 11 19 24 27 | 27.0
Invocations    | 14 16 25 27 | 27.0

Action                   |  1- 3 |  4- 6 |  7- 9 | 10-12 | 13-15 | 16-18 | 19-21 | 22-24 | 25-27 || total
-------------------------+-------+-------+-------+-------+-------+-------+-------+-------+-------++-------
Melee: Executioner's axe |     1 |       |       |     2 |     4 |     9 |     8 |    10 |    94 ||   128
 Stab: Distracted        |       |       |       |       |       |       |       |       |     3 ||     3
Dodge: Dodged            |       |       |       |       |       |       |     2 |       |    15 ||    17

Table legend:
 A = Non-vault XP
 B = Vault XP
 C = Vault XP percentage of total XP
 D = Non-vault monster count
 E = Vault monster count
 F = Vault count percentage of total count
                 A         B        C        D         E       F
            +---------+---------+-------+---------+---------+-------
      Total |       0 | 3784079 | 100.0 |       0 |     168 | 100.0
            +---------+---------+-------+---------+---------+-------
          D |       0 | 3784079 | 100.0 |       0 |     168 | 100.0
            +---------+---------+-------+---------+---------+-------
